AoeStats
← El Fantasma de Pancho Villa

Black Forest

509588020Analyzed
4v4 RM · 4d ago on Sep 27, 2026· 49m 41s· 8 players
Game mode
Random Map
Map size
Large (8 player)
Population
200
Speed
Normal
Resources
Standard
Victory
Conquest
Starting age
Dark Age
Ending age
Imperial Age
RankedLock teamsTeams togetherTeam positionsShared explorationLock speedFull tech treeHidden civsTurbo modeCheats
Victory
Defeat
🇳🇱 Malians · Netherlands
1206
+13
🇫🇷 Goths · France
1180
+14
🇫🇷 Khmer · France
1177
+14
🇪🇸 Lithuanians · Spain
1065
+19
🇺🇸 Cumans · United States
1156
-16
🇨🇳 Hindustanis · China
1138
-15
🇦🇺 Varangians · Australia
1130
-15
🇷🇺 Bohemians · Russia
1116
-14
El Fantasma de Pancho Villa
7:12 Loom
12:10 Feudal Age
12:59 Double-Bit Axe
13:05 Man-at-Arms
14:33 Scale Mail Armor
23:29 Wheelbarrow
25:55 Fletching
28:03 Padded Archer Armor
31:05 Castle Age
28:52 Horse Collar
29:24 Gold Mining
30:48 Forging
31:09 Crossbowman
32:31 Thumb Ring
32:47 Bodkin Arrow
33:08 Leather Archer Armor
32:47 Pikeman
35:03 Ballistics
35:45 Chain Mail Armor
36:06 Iron Casting
35:47 Bow Saw
39:44 Hand Cart
40:07 Capped Ram
40:57 Heavy Plow
43:52 Imperial Age
43:38 Steppe Husbandry
43:42 Squires
43:28 Arson
46:03 Chemistry
45:59 Ring Archer Armor
46:01 Plate Mail Armor
46:31 Blast Furnace
47:23 Parthian Tactics
M0nero
0:27 Loom
13:17 Feudal Age
14:11 Double-Bit Axe
18:39 Castle Age
16:23 Horse Collar
19:38 Pikeman
22:24 Fletching
26:36 Bow Saw
31:20 Imperial Age
29:39 Wheelbarrow
31:08 Ballistics
31:49 Chemistry
30:54 Padded Archer Armor
30:50 Bodkin Arrow
31:30 Town Watch
37:56 Onager
41:55 Halberdier
42:36 Squires
44:59 Bombard Tower
46:14 Leather Archer Armor
45:59 Bracer
46:11 Forging
46:01 Scale Mail Armor
Mick The Brick
1:03 Loom
12:52 Feudal Age
18:59 Castle Age
17:25 Double-Bit Axe
21:51 Gold Mining
23:09 Fletching
24:43 Bodkin Arrow
25:58 Horse Collar
27:01 Masonry
28:51 Fortified Wall
38:08 Imperial Age
36:47 Scale Mail Armor
36:58 Forging
38:32 Heavy Plow
39:32 Chain Mail Armor
41:43 Plate Mail Armor
super duck
9:59 Feudal Age
12:55 Double-Bit Axe
15:57 Castle Age
13:39 Horse Collar
16:51 Bow Saw
18:39 Heavy Plow
19:20 Wheelbarrow
18:39 Crossbowman
26:35 Gold Mining
28:31 Stone Mining
29:21 Gold Shaft Mining
31:24 Imperial Age
29:12 Hand Cart
30:52 Padded Archer Armor
30:18 Pikeman
31:12 Scale Mail Armor
31:22 Forging
33:26 Chemistry
32:43 Leather Archer Armor
32:48 Chain Mail Armor
33:07 Conscription
35:24 Shatagni
37:54 Iron Casting
37:10 Fletching
38:34 Town Watch
39:51 Ring Archer Armor
40:25 Blast Furnace
39:35 Loom
40:24 Siege Engineers
Marknop
8:37 Loom
11:56 Feudal Age
15:26 Castle Age
14:23 Double-Bit Axe
15:21 Padded Archer Armor
23:26 Wheelbarrow
25:08 Bow Saw
25:01 Fletching
25:32 Husbandry
28:09 Pikeman
29:08 Hand Cart
30:18 Leather Archer Armor
32:36 Arson
32:48 Bodkin Arrow
35:48 Imperial Age
37:08 Conscription
36:44 Halberdier
38:20 Ring Archer Armor
37:50 Bracer
38:01 Forging
39:19 Elite Ballista Elephant
40:20 Scale Mail Armor
42:40 Elite Battle Elephant
46:28 Iron Casting
45:59 Scale Barding Armor
Roke6
11:48 Feudal Age
12:50 Double-Bit Axe
18:20 Castle Age
17:58 Bloodlines
20:52 Scale Barding Armor
20:59 Forging
20:39 Horse Collar
23:19 Bow Saw
24:49 Stone Mining
24:52 Gold Mining
29:03 Imperial Age
26:20 Loom
26:21 Town Watch
27:27 Coinage
27:50 Fletching
29:33 Heavy Plow
30:52 Chemistry
30:57 Chain Barding Armor
30:39 Husbandry
33:22 Caravan
38:48 Plate Barding Armor
38:49 Iron Casting
38:10 Bodkin Arrow
40:06 Banking
40:17 Conscription
42:04 Bracer
42:05 Padded Archer Armor
41:56 Elite Skirmisher
43:21 Crop Rotation
44:14 Leather Archer Armor
43:23 Cavalier
43:23 Light Cavalry
46:34 Capped Ram
50:31 Ring Archer Armor
APEP
0:31 Loom
11:24 Feudal Age
12:00 Man-at-Arms
20:01 Castle Age
17:57 Double-Bit Axe
19:25 Forging
19:26 Scale Mail Armor
24:09 Fletching
24:21 Horse Collar
25:01 Bow Saw
25:31 Heavy Plow
26:51 Wheelbarrow
34:47 Imperial Age
32:48 Pikeman
34:09 Bodkin Arrow
34:34 Forging
34:39 Chain Mail Armor
34:58 Hand Cart
36:21 Iron Casting
36:09 Anarchy
36:20 Gold Mining
41:17 Blast Furnace
45:13 Elite Huskarl
Brandon
0:51 Loom
12:27 Feudal Age
16:07 Castle Age
14:41 Stone Mining
15:06 Double-Bit Axe
25:01 Scale Mail Armor
26:18 Forging
26:57 Arson
27:18 Squires
31:11 Bow Saw
31:38 Wheelbarrow
30:52 Town Watch
32:24 Horse Collar
34:18 Fortified Wall
35:21 Tigui
35:56 Gold Mining
36:41 Stone Shaft Mining
35:58 Light Cavalry
36:49 Bloodlines
36:39 Husbandry
37:11 Hand Cart
37:19 Scale Barding Armor
41:48 Imperial Age
40:27 Treadmill Crane
41:06 Tigui
41:28 Chain Barding Armor
41:46 Iron Casting
41:31 Chain Mail Armor
41:32 Heavy Plow
42:11 Bloodlines
42:02 Husbandry
41:22 Light Cavalry
42:46 Gold Shaft Mining
42:34 Farimba
43:10 Conscription
44:21 Crop Rotation
43:28 Cavalier
45:28 Plate Barding Armor
45:31 Plate Mail Armor
48:00 Capped Ram
49:08 Fervor
Connection lost

Rejoining the realm…

Still unreachable

The connection could not be restored.

Session expired

The server has moved on; the page needs a fresh start.